 Dungeon Crawl Stone Soup version 0.31-a0-496-g6f97920a28 (webtiles) character file.

Game seed: 18155508303434947010

1540 ytrimaz the Mimic (level 8, -8/68 HPs)
             Began as a Troll Shapeshifter on Aug 8, 2023.
             Was an Initiate of Qazlal.
             Mangled by Joseph
             ... wielding a +0 quarterstaff
              (15 damage)
             ... on level 7 of the Dungeon.
             The game lasted 00:06:22 (4593 turns).

ytrimaz the Mimic (Troll Shapeshifter)              Turns: 4593, Time: 00:06:22

Health: -8/68      AC:  8    Str: 26    XL:     8   Next: 56%
Magic:  7/7        EV:  9    Int:  4    God:    Qazlal [......]
Gold:   389        SH:  0    Dex: 15    Spells: 7/7 levels left

rFire   . .          .
                       - Unarmed
rCold   . . .        (no shield)
rNeg    + . .        k - +0 acid dragon scales
rPois   .            (helmet currently unavailable)
rElec   .            (cloak currently unavailable)
rCorr   +            (gloves unavailable)
SInv    .            (boots unavailable)
Will    +....        (no amulet)
Stlth   +            m - ring of Ibipp {rN+ Dex+5}
HPRegen 1.11/turn    r - ring of willpower
MPRegen 0.10/turn

%: no passive effects
@: beast-form
A: beast (slay +4), large, unfitting armour, claws 3, regeneration 1, shaggy fur
1, tough skin 1
a: Begin Untransformation, Renounce Religion


You were on level 7 of the Dungeon.
You worshipped Qazlal.
Qazlal was noncommittal.
You were a hulking beast.
You visited 2 branches of the dungeon, and saw 8 of its levels.

You collected 389 gold pieces.


Innate Abilities, Weirdness & Mutations

You are a hulking beast.
Your limbs bulge with bestial killing power. (Slay +4)
You are too large for most types of armour.
You have claws for hands.
Your natural rate of healing is unusually fast.
You are covered in fur. (AC +1)
You have tough skin. (AC +1)


   Skills:
 - Level 0.7 Fighting
 - Level 1.5 Dodging
 + Level 6.9 Unarmed Combat
 * Level 8.0 Shapeshifting


You had 7 spell levels left.
You didn't know any spells.
Your spell library contained the following spells:

 Spells                   Type           Power      Damage    Failure   Level
 Apportation              Tloc           0%         N/A       56%         1
 Necrotise                Necr           0%         1d4       56%         1
 Summon Small Mammal      Summ           0%         N/A       56%         1
 Blink                    Tloc           0%         N/A       71%         2
 Lesser Beckoning         Tloc           0%         N/A       71%         2
 Momentum Strike          Conj/Tloc      0%         3d8       71%         2
 Call Canine Familiar     Summ           0%         N/A       91%         3
 Portal Projectile        Hex/Tloc       0%         N/A       91%         3
 Leda's Liquefaction      Hex/Erth       0%         N/A       100%        4
 Manifold Assault         Tloc           0%         N/A       100%        4

Inventory:

Missiles
 n - 2 throwing nets
Armour
 a - a +1 animal skin
 k - +0 acid dragon scales (worn)
   (You found it on level 4 of the Dungeon)
 x - a +2 cloak
   (You found it on level 5 of the Dungeon)
Jewellery
 e - the ring of the Scavenger {rElec rF+ rN+ Int-5 Slay+5}
   (You found it on level 2 of the Dungeon)

   [ring of positive energy]

   Int:       It affects your intelligence (-5).
   Slay:      It affects your accuracy & damage with ranged weapons and melee
   (+5).
   rF:        It protects you from fire.
   rElec:     It insulates you from electricity.
   rN:        It protects you from negative energy.
 i - a ring of wizardry
   (You found it on level 2 of the Dungeon)
 m - the ring of Ibipp (left claw) {rN+ Dex+5}
   (You found it on level 3 of the Dungeon)

   [ring of positive energy]

   Dex:       It affects your dexterity (+5).
   rN:        It protects you from negative energy.
 r - a ring of willpower (right claw)
   (You found it on level 5 of the Dungeon)
 t - a ring of willpower
   (You found it on level 5 of the Dungeon)
 w - a +5 ring of evasion
   (You found it on level 5 of the Dungeon)
 A - a ring of positive energy
   (You found it on level 7 of the Dungeon)
Talismans
 c - a beast talisman (active)
 d - a flux talisman
Scrolls
 h - 2 scrolls of amnesia
 j - a scroll of torment
 l - a scroll of immolation
 o - 2 scrolls of silence
 p - a scroll of enchant weapon
 s - 2 scrolls of blinking
 v - a scroll of enchant armour
 y - a scroll of brand weapon
 B - a scroll of revelation {unknown}
 C - a scroll of identify
Potions
 b - 2 potions of lignification
 f - 3 potions of mutation
 g - a potion of curing
 q - 2 potions of enlightenment {unknown}
 u - a potion of cancellation {unknown}
 z - a potion of haste {unknown}

Dungeon Overview and Level Annotations

Branches:
Dungeon (7/15) Zot: 26586  Temple (1/1) D:5 Zot: 5973

Altars:
Ashenzari
Dithmenos
Elyvilon
Gozag
Hepliaklqana
Makhleb
Nemelex Xobeh
Okawaru
Qazlal
Ru
Sif Muna
Trog
Vehumet
Wu Jian
Yredelemnul
Zin
The Shining One

Annotations:
D:3 1 runed translucent door, Mightysalt's ghost, amateur DrCK
D:7 3 runed translucent doors, Joseph; hgbash's ghost, novice TrSh

....@.........##..#...
###
.........!....###....#
...
.....................##
### ..............#
#...## # #...........>#
#....### #
#..........##
#.#....### ######$##.##
#.###.....
#.##@########.#######.
#.##.h.............##.
#.########.........###
#.# #............###
#.# ###..........##.
#.# #..........### #.#
#............. #.#
#.#........... #.#
##............. #.#
##..........##..


You could see Joseph.


Message History

No target in view!
h - 2 scrolls of amnesia (gained 1)
You now have 389 gold pieces (gained 12).
Key pressed, stopping explore.
A white imp comes into view.
Found a stone staircase leading down.
The white imp shouts!
The white imp spits at you.
You see here 10 gold pieces.
A white imp is nearby!
A white imp is nearby!
A white imp is nearby!
A white imp is nearby!
A white imp is nearby!
Joseph, a Mercenary comes into view.
He is wielding a +0 quarterstaff.
Joseph shouts!
Joseph unwields a +0 quarterstaff.
Joseph wields a +0 sling of electrocution.
You hear the crackle of electricity.
Joseph shoots a sling bullet.
The sling bullet hits you but does no damage.
Unknown command.
The white imp gestures at you. The puff of frost misses you.
Joseph shoots a sling bullet.
The sling bullet hits you. 😕 HP[-5]
You take 5 damage, and now have 63/68 hp. 😕 HP[+2]
You regained 2 hp, and now have 65/68 hp.
The white imp attacks as you move away!
The white imp barely misses you. 😕 HP[+1]
The white imp gestures at you.
The puff of frost misses you. 😕 HP[+1] 😎 HP[+1]
Your hp is fully restored (68).
The white imp gestures at you. The puff of frost hits you! 😕 HP[-12]
You take 12 damage, and now have 56/68 hp. 😕 HP[+1]
The white imp hits you but does no damage. 😕 HP[+1]
You barely miss the white imp.
The white imp hits you but does no damage. 😕 HP[+1]
You claw the white imp!
You kill the white imp!
Qazlal accepts your kill. 😕 HP[+1] Joseph shoots a sling bullet.
The sling bullet closely misses you. 😕 HP[+1] 😕 HP[+1]
You start resting.
Joseph is nearby! 😕 HP[+3]
You regained 3 hp, and now have 65/68 hp.
Joseph unwields a +0 sling of electrocution.
It stops crackling.
Joseph wields a +0 quarterstaff.
Joseph barely misses you. 😕 HP[+1]
You claw Joseph!
Joseph hits you with a +0 quarterstaff. 😕 HP[-1]
You take 1 damage, and now have 65/68 hp.
You barely miss Joseph.
Joseph hits you with a +0 quarterstaff! 😕 HP[-6]
You take 6 damage, and now have 59/68 hp.
Unknown command.
You barely miss Joseph. You claw Joseph!
Joseph hits you with a +0 quarterstaff! 😮 HP[-14]
You take 14 damage, and now have 45/68 hp.
MASSIVE DAMAGE!! (PAUSE)
You claw Joseph!
Joseph hits you with a +0 quarterstaff! 😮 HP[-7]
You take 7 damage, and now have 38/68 hp.
You scratch Joseph. Joseph hits you with a +0 quarterstaff!
* * * LOW HITPOINT WARNING * * *
😨 HP[-14]
You take 14 damage, and now have 24/68 hp.
MASSIVE DAMAGE!! (PAUSE)
You scratch Joseph. Joseph hits you with a +0 quarterstaff!
* * * LOW HITPOINT WARNING * * *
😱 HP[-10]
You take 10 damage, and now have 14/68 hp.
You scratch Joseph but do no damage. 😱 HP[+1] Unknown command.
You closely miss Joseph.
Joseph hits you but does no damage. 😱 HP[+1] Unknown command.
You claw Joseph! Joseph barely misses you. 😱 HP[+1]
You scratch Joseph. Joseph hits you with a +0 quarterstaff!
* * * LOW HITPOINT WARNING * * *
😱 HP[-16]
You take 16 damage, and now have 1/68 hp.
MASSIVE DAMAGE!! (PAUSE) Unknown command.
You feel better. Joseph hits you with a +0 quarterstaff!
You die...

Skill      XL: |  1  2  3  4  5  6  7  8 |
---------------+-------------------------+-----
Shapeshifting  | 4 5 7 8 |  8.0
Unarmed Combat | 4 5 6 |  6.9
Fighting       | |  0.7
Dodging        | |  1.5

Action                     |  1- 3 |  4- 6 |  7- 9 || total
---------------------------+-------+-------+-------++-------
  Melee: Unarmed           |    66 |   137 |    94 ||   297
         Punch             |     1 |     3 |     6 ||    10
    Use: Scroll            |     3 |     5 |     5 ||    13
         Potion            |       |     1 |     1 ||     2
 Armour: Animal skin       |    23 |    23 |       ||    46
         Acid dragon scale |       |    29 |    28 ||    57
  Dodge: Dodged            |    24 |    64 |    42 ||   130

Levels and vault maps discovered:
D:1:      dpeg_arrival_water_temple_mockup, layout_basic, kennysheep_doodads,
          kennysheep_another_room, minmay_misc_feat_nine_boxes,
          serial_bayou_crossing
D:2:      layout_rooms, basic_altar
D:3:      layout_loops_ring, mainiacjoe_overflow_24_doors, lemuel_round_altar,
          mainiacjoe_overflow_two_lobes, gammafunk_ghost_grave
D:4:      layout_loops_ring, chequers_garden, nicolae_zen_rock_garden,
          uniq_menkaure
D:5:      layout_layer_cave, minmay_temple_entry_mini_moons
D:6:      layout_basic, nicolae_gozag_seed_capital, led_sif_pool
D:7:      layout_rooms, general_overflow_altar, gammafunk_ghost_nasty_kobolds,
          uniq_joseph
Temple:   dpeg_chambers_temple

Notes
Turn   | Place    | Note
-------+----------+-------------------------------------------
     0 | D:1      | ytrimaz the Troll Shapeshifter began the quest for the Orb.
     0 | D:1      | Reached XP level 1. HP: 18/18 MP: 0/0
     0 | D:1      | magus.rc [v1.9.6]
   175 | D:1      | Reached XP level 2. HP: 26/26 MP: 1/1
   797 | D:2      | Reached XP level 3. HP: 32/32 MP: 2/2
   834 | D:2      | Identified the ring of the Scavenger {rElec rF+ rN+ Int-5
                  | Slay+5}
   925 | D:2      | Found a sacrificial altar of Ru.
  1052 | D:2      | You add the spells Blink and Manifold Assault to your
                  | library.
  1221 | D:3      | Identified the ring of Ibipp {rN+ Dex+5}
  1229 | D:3      | Reached skill level 4 in Shapeshifting
  1229 | D:3      | Reached XP level 4. HP: 36/40 MP: 3/3
  1342 | D:3      | Found an iron altar of Okawaru.
  1375 | D:3      | Found a basalt altar of Yredelemnul.
  1436 | D:3      | Found a white marble altar of Elyvilon.
  1537 | D:3      | Found a glowing silver altar of Zin.
  1652 | D:3      | Found a runed translucent door.
  1652 | D:3      | Noticed Mightysalt's ghost (amateur DrCK)
  2185 | D:4      | Reached skill level 4 in Unarmed Combat
  2185 | D:4      | Noticed an ogre
  2195 | D:4      | Killed an ogre
  2196 | D:4      | Reached XP level 5. HP: 36/46 MP: 4/4
  2203 | D:4      | Reached skill level 5 in Shapeshifting
  2252 | D:4      | Reached XP level 6. HP: 53/54 MP: 5/5
  2272 | D:4      | You pick up a book of Cantrips and begin reading...
  2272 | D:4      | You add the spells Necrotise, Summon Small Mammal and
                  | Apportation to your library.
  2337 | D:4      | Lost intelligence.
  2463 | D:4      | Noticed Menkaure
  2468 | D:4      | Killed Menkaure
  2469 | D:4      | Reached skill level 5 in Unarmed Combat
  2705 | D:5      | Entered Level 5 of the Dungeon
  2760 | D:4      | Reached XP level 7. HP: 36/61 MP: 6/6
  2789 | D:5      | Reached skill level 6 in Shapeshifting
  2875 | D:5      | You pick up a book of Spatial Translocations and begin
                  | reading...
  2875 | D:5      | You add the spells Momentum Strike and Lesser Beckoning to
                  | your library.
  2903 | D:5      | You pick up a book of the Hunter and begin reading...
  2903 | D:5      | You add the spells Call Canine Familiar, Portal Projectile
                  | and Leda's Liquefaction to your library.
  3015 | D:5      | Found a staircase to the Ecumenical Temple.
  3024 | Temple   | Entered the Ecumenical Temple
  3037 | Temple   | Became a worshipper of Qazlal Stormbringer
  3583 | D:6      | Reached skill level 6 in Unarmed Combat
  3587 | D:6      | Reached skill level 7 in Shapeshifting
  3587 | D:6      | Reached XP level 8. HP: 63/68 MP: 7/7
  3793 | D:6      | Found an opulent altar of Gozag.
  4117 | D:6      | Found a shimmering blue altar of Sif Muna.
  4302 | D:7      | Found a broken altar of Ashenzari.
  4364 | D:7      | Found a runed translucent gate.
  4364 | D:7      | Found a runed translucent gate.
  4364 | D:7      | Found a runed translucent gate.
  4368 | D:7      | Noticed a kobold demonologist
  4368 | D:7      | Noticed hgbash's ghost (novice TrSh)
  4523 | D:7      | Reached skill level 8 in Shapeshifting
  4566 | D:7      | Noticed Joseph
  4588 | D:7      | HP: 14/68 [Joseph/+0 quarterstaff (11)]
  4592 | D:7      | HP: 1/68 [Joseph/+0 quarterstaff (17)]
  4593 | D:7      | Mangled by Joseph

Vanquished Creatures
  Menkaure (D:4)
  4 ogres
  A black bear (D:6)
  A phantom (D:6)
  2 bullfrogs (D:7)
  3 scorpions
  A howler monkey (D:5)
  3 jellies
  An orc priest (D:4)
  2 hounds
  5 iguanas
  An orc wizard (D:4)
  7 gnolls
  7 adders
  A white imp (D:7)
  A worm (D:2)
  4 dart slugs
  24 orcs
  6 bats
  2 endoplasms
  2 giant cockroaches (D:3)
  5 goblins
  6 hobgoblins
  5 jackals
  3 quokkas
  7 ball pythons
  3 frilled lizards
  8 kobolds
  3 rats
119 creatures vanquished.

Table legend:
 A = Non-vault XP
 B = Vault XP
 C = Vault XP percentage of total XP
 D = Non-vault monster count
 E = Vault monster count
 F = Vault count percentage of total count
                 A         B        C        D         E       F
            +---------+---------+-------+---------+---------+-------
      Total |    2031 |     169 |   7.7 |     118 |       1 |   0.8
            +---------+---------+-------+---------+---------+-------
        D:1 |      38 |       0 |   0.0 |      21 |       0 |   0.0
        D:2 |      18 |       0 |   0.0 |      10 |       0 |   0.0
        D:3 |     103 |       0 |   0.0 |      22 |       0 |   0.0
        D:4 |     390 |     169 |  30.2 |      32 |       1 |   3.0
        D:5 |     511 |       0 |   0.0 |      13 |       0 |   0.0
        D:6 |     642 |       0 |   0.0 |       9 |       0 |   0.0
        D:7 |     329 |       0 |   0.0 |      11 |       0 |   0.0
            +---------+---------+-------+---------+---------+-------

Skill      XL: |  1  2  3  4  5  6  7  8 |
---------------+-------------------------+-----
Shapeshifting  | 4 5 7 8 |  8.0
Unarmed Combat | 4 5 6 |  6.9
Fighting       | |  0.7
Dodging        | |  1.5

Action                     |  1- 3 |  4- 6 |  7- 9 || total
---------------------------+-------+-------+-------++-------
  Melee: Unarmed           |    66 |   137 |    94 ||   297
         Punch             |     1 |     3 |     6 ||    10
    Use: Scroll            |     3 |     5 |     5 ||    13
         Potion            |       |     1 |     1 ||     2
 Armour: Animal skin       |    23 |    23 |       ||    46
         Acid dragon scale |       |    29 |    28 ||    57
  Dodge: Dodged            |    24 |    64 |    42 ||   130

Illustrated notes

Table legend:
 A = Kills in this place as a percentage of kills in the entire game.
 B = Kills by you in this place as a percentage of kills by you in the entire game.
 C = Kills by friends in this place as a percentage of kills by friends in the entire game.
 D = Other kills in this place as a percentage of other kills in the entire game.
 E = Experience gained in this place as a percentage of experience gained in the entire game.
 F = Experience gained in this place divided by the number of levels of this place that you have seen.
                   A       B       C       D       E      F
               +-------+-------+-------+-------+-------+----------------------
         Total | 100.0 | 100.0 |   N/A |   N/A | 100.0 | 275.0
       Dungeon | 100.0 | 100.0 |   N/A |   N/A | 100.0 | 314.3
               +-------+-------+-------+-------+-------+----------------------

Table legend: (Time is in decaauts)
 A = Elapsed time spent in this place.
 B = Non-inter-level travel time spent in this place.
 C = Inter-level travel time spent in this place.
 D = Time resting spent in this place.
 E = Time spent auto-exploring this place.
 F = Levels seen in this place.
 G = Mean time per level.
                   A        B        C        D        E       F      G
               +--------+--------+--------+--------+--------+-----+--------+
         Total |   4587 |   4422 |    165 |     26 |   3538 |   8 |  573.4 |
       Dungeon |   4560 |   4419 |    141 |     26 |   3538 |   7 |  651.4 |
        Temple |     26 |      2 |     24 |      0 |      0 |   1 |   26.0 |
               +--------+--------+--------+--------+--------+-----+--------+

Top non-repeatable levels by time:
     D:5: 787 daAuts
     D:3: 776 daAuts
     D:1: 766 daAuts
     D:4: 762 daAuts
     D:6: 620 daAuts
     D:2: 434 daAuts
     D:7: 412 daAuts
  Temple: 26 daAuts
